 Dungeon Sprint DCSS version 0.29-a0-813-g4a14ea37d6 (webtiles) character file.

Game seed: 2281077049251130820

132 manyhoops the Spear-Bearer (level 5, -1/41 HPs)
             Began as a Human Berserker on July 4, 2022.
             Was a Follower of Trog.
             Slain by a neqoxec (8 damage)
             ... in the Dungeon (Sprint II: "The Violet Keep of Menkaure").
             The game lasted 00:00:31 (26 turns).

manyhoops the Spear-Bearer (Human Berserker)          Turns: 26, Time: 00:00:31

Health: -1/41      AC:  2    Str: 17    XL:     5   Next: 38%
Magic:  5/5        EV: 12    Int:  7    God:    Trog [*.....]
Gold:   0          SH:  0    Dex: 13    Spells: 4/4 levels left

rFire   . . .      SeeInvis .   a - +0 spear
rCold   . . .      Faith    .   (no shield)
rNeg    . . .      Spirit   .   b - +0 animal skin
rPois   .          Reflect  .   (no helmet)
rElec   .          Harm     .   (no cloak)
rCorr   .          Rampage  .   (no gloves)
Will    .....      NoTele   +   (no boots)
Stlth   +.........              (no amulet)
HPRegen 0.13/turn               (no ring)
MPRegen 0.09/turn               (no ring)

@: on berserk cooldown, slowed, very slow
A: clumsy 1, deterioration 1
a: Renounce Religion, Berserk


You were in the Dungeon.
You worshipped Trog.
Trog was aware of your devotion.
You visited 1 branch

Inventory:

Hand Weapons
 a - a +0 spear (weapon)
Armour
 b - a +0 animal skin (worn)
Scrolls
 h - a scroll of blinking
Potions
 c - a potion of curing
 d - a potion of heal wounds
 e - a potion of haste
 f - 2 potions of magic
 g - a potion of berserk rage


   Skills:
 - Level 3.0 Fighting
 + Level 10.3 Polearms
 - Level 2.0 Armour
 - Level 2.0 Dodging


You had 4 spell levels left.
You didn't know any spells.
Your spell library was empty.

Dungeon Overview and Level Annotations

Branches:
Dungeon (1/1)

Altars:


Innate Abilities, Weirdness & Mutations

You are clumsy. (Dex -2)
Your body sometimes deteriorates upon taking damage.


Message History

Your experience leads to an increase in your attributes!
Increase (S)trength, (I)ntelligence, or (D)exterity?
You feel agile. x2
You have reached level 4!
You feel agile.
You have reached level 5!
You barely miss the neqoxec. You punch the neqoxec.
The neqoxec is lightly wounded.
You puncture the neqoxec!
The neqoxec is moderately wounded.
You are no longer berserk.
You are exhausted.
You feel yourself slow down. The neqoxec gestures at you.
Something tries to feed on your intellect!
You completely miss the neqoxec.
The neqoxec is moderately wounded.
The neqoxec closely misses you.
You hit the neqoxec.
The neqoxec is moderately wounded.
The neqoxec hits you!
* * * LOW HITPOINT WARNING * * *
You barely miss the neqoxec.
The neqoxec is moderately wounded.
You hit the neqoxec.
The neqoxec is heavily wounded.
The neqoxec gestures at you.
Strange energies course through your body.
You feel clumsy.
You closely miss the neqoxec.
The neqoxec is heavily wounded.
The neqoxec barely misses you.
You closely miss the neqoxec.
The neqoxec is heavily wounded.
The neqoxec hits you.
* * * LOW HITPOINT WARNING * * *
You hit the neqoxec but do no damage.
The neqoxec is heavily wounded.
The neqoxec hits you!
You die...

## .#
.##
#3#
##@##
+.<.+
##.##
#+#


You could see a neqoxec.

Vanquished Creatures
  A neqoxec (D)
1 creature vanquished.

Notes
Turn   | Place    | Note
-------+----------+-------------------------------------------
     0 | D        | manyhoops the Human Berserker began the quest for the Orb.
     0 | D        | Reached XP level 1. HP: 18/18 MP: 1/1
     1 | D        | Noticed a neqoxec
     2 | D        | Noticed a neqoxec
    14 | D        | Gained mutation: Your body sometimes deteriorates upon
                  | taking damage. [a neqoxec]
    17 | D        | Killed a neqoxec
    18 | D        | Reached skill level 10 in Polearms
    18 | D        | Reached XP level 2. HP: 16/24 MP: 2/2
    18 | D        | Reached XP level 3. HP: 19/29 MP: 3/3
    18 | D        | Reached XP level 4. HP: 23/35 MP: 4/4
    18 | D        | Reached XP level 5. HP: 27/41 MP: 5/5
    23 | D        | Gained mutation: You are clumsy. (Dex -2) [a neqoxec]
    26 | D        | Slain by a neqoxec

Illustrated notes

Levels and vault maps discovered:
D:        the_violet_keep_of_menkaure [sprint2_stairs_cluster_1,
          sprint2_shoproom, sprint2_temple, sprint2_basic_supplies,
          sprint2_obstacle_5, sprint2_obstacle_1, sprint2_obstacle_2,
          sprint2_obstacle_6, sprint2_obstacle_3, sprint2_timed_cluster_1,
          sprint2_smallroom_cluster_1, sprint2_smallroom_final_cluster_1,
          sprint2_transparent_cluster_1, sprint2_second_timed_cluster_1,
          sprint2_sniper_area_1, sprint2_heavy_combat_area_1,
          sprint2_mutation_trap_area_1, sprint2_forest_area_1,
          sprint2_light_combat_area_1, sprint2_behind_water_1,
          sprint2_near_end_vault_1]

Skill      XL: |  1 |
---------------+----+-----
Polearms       | 10 | 10.3
Fighting       | |  3.0
Armour         | |  2.0
Dodging        | |  2.0

Action                   |  1- 3 |  4- 6 || total
-------------------------+-------+-------++-------
Melee: Spear             |    15 |     9 ||    24
       Punch             |       |     1 ||     1
Invok: Berserk           |     1 |       ||     1
Dodge: Dodged            |     5 |     2 ||     7

Table legend: (Time is in decaauts)
 A = Elapsed time spent in this place.
 B = Non-inter-level travel time spent in this place.
 C = Inter-level travel time spent in this place.
 D = Time resting spent in this place.
 E = Time spent auto-exploring this place.
 F = Levels seen in this place.
 G = Mean time per level.
                   A        B        C        D        E       F      G
               +--------+--------+--------+--------+--------+-----+--------+
         Total |     18 |     18 |      0 |      0 |      1 |   1 |   18.0 |
       Dungeon |     18 |     18 |      0 |      0 |      1 |   1 |   18.0 |
               +--------+--------+--------+--------+--------+-----+--------+

Top non-repeatable levels by time:
       D: 18 daAuts
